 Dungeon Crawl Stone Soup version 0.29-a0-344-ge2f44be95a (webtiles) character file.

Game seed: 12365834321870921924

3 klau3 the Chopper (level 1, 0/20 HPs)
             Began as a Hill Orc Berserker on Apr 21, 2022.
             Was a Follower of Trog.
             Slain by a hobgoblin (2 damage)
             ... on level 1 of the Dungeon.
             The game lasted 00:00:41 (80 turns).

klau3 the Chopper (Hill Orc Berserker)                Turns: 80, Time: 00:00:42

Health: 0/20       AC:  2    Str: 19    XL:     1   Next: 50%
Magic:  1/1        EV: 12    Int:  7    God:    Trog [*.....]
Gold:   0          SH:  0    Dex: 10    Spells: 0/0 levels left

rFire   . . .      SeeInvis .   a - +0 hand axe
rCold   . . .      Faith    .   (no shield)
rNeg    . . .      Spirit   .   b - +0 animal skin
rPois   .          Reflect  .   (no helmet)
rElec   .          Harm     .   (no cloak)
rCorr   .          Rampage  .   (no gloves)
Will    .....                   (no boots)
Stlth   +.........              (no amulet)
HPRegen 0.06/turn               (no ring)
MPRegen 0.07/turn               (no ring)

@: no status effects
A: no striking features
a: Renounce Religion, Berserk


You were on level 1 of the Dungeon.
You worshipped Trog.
Trog was aware of your devotion.
You visited 1 branch of the dungeon, and saw 1 of its levels.

Inventory:

Hand Weapons
 a - a +0 hand axe (weapon)
 c - a +0 short sword
Armour
 b - a +0 animal skin (worn)
Scrolls
 d - a scroll of amnesia {unknown}


   Skills:
 + Level 3.7 Fighting
 + Level 4.1 Axes
 + Level 2.2 Armour
 + Level 1.6 Dodging


You couldn't memorise any spells.
You didn't know any spells.
Your spell library was empty.

Dungeon Overview and Level Annotations

Branches:
Dungeon (1/15)

Altars:


Message History

You hit the hobgoblin but do no damage.
The kobold shouts!
The hobgoblin closely misses you.
You hit the hobgoblin.
The hobgoblin is moderately wounded.
The hobgoblin barely misses you.
You closely miss the hobgoblin.
The hobgoblin is moderately wounded.
You hit the quokka. The quokka bites you. The hobgoblin barely misses you.
You barely miss the hobgoblin.
The hobgoblin is moderately wounded.
You closely miss the quokka. You closely miss the goblin. The quokka bites you.
The hobgoblin hits you. The goblin barely misses you.
The quokka barely misses you.
You hit the hobgoblin.
The hobgoblin is almost dead.
You hit the goblin. You hit the quokka.
You kill the quokka!
Trog accepts your kill.
You hit the kobold but do no damage. The hobgoblin hits you.
The goblin barely misses you. The kobold hits you but does no damage.
The kobold barely misses you. The goblin hits you but does no damage.
The hobgoblin barely misses you.
The hobgoblin hits you but does no damage.
The hobgoblin attacks as you move away! The hobgoblin closely misses you.
You see here a scroll labelled OPTOSO XUTWECW.
The goblin attacks as you move away! The goblin hits you with a +0 dagger.
The goblin attacks as you move away! The goblin hits you with a +0 dagger.
The goblin attacks as you move away! The goblin hits you with a +0 dagger.
The goblin attacks as you move away! The goblin hits you with a +0 dagger.
* * * LOW HITPOINT WARNING * * *
You barely miss the goblin.
The goblin is heavily wounded.
The goblin hits you but does no damage.
You closely miss the goblin.
The goblin is heavily wounded.
The goblin hits you with a +0 dagger.
* * * LOW HITPOINT WARNING * * *
The hobgoblin hits you.
You die...

#. #.#. ##..# # #.#
#.#.. #...#.#
#.#####.#..##.#.#.#
#.. ..#.#.........
##.###.#.# .....##
#...##.#.#####.†..####
............!........+
#.........####....####
##..##.##.####.#@###
#......##.#...?g.gK#
#.#.#####.#.##.###.##
#.#†#####.# #.##...#
#.#.......# #..K...#
#.#####.### ####...#
#######.# ##.##
........# #.#
#####...# ..#


You could see a hobgoblin, a goblin and a kobold.

Vanquished Creatures
  2 quokkas (D:1)
  A bat (D:1)
3 creatures vanquished.

Notes
Turn   | Place    | Note
-------+----------+-------------------------------------------
     0 | D:1      | klau3 the Hill Orc Berserker began the quest for the Orb.
     0 | D:1      | Reached XP level 1. HP: 19/19 MP: 1/1
    80 | D:1      | Slain by a hobgoblin

Illustrated notes

Levels and vault maps discovered:
D:1:      dpeg_arrival_line_fractal, layout_loops_corners

Action                   || total
-------------------------++-------
Melee: Hand axe          ||    12
Armor: Animal skin       ||     4
Dodge: Dodged            ||    11

Table legend: (Time is in decaauts)
 A = Elapsed time spent in this place.
 B = Non-inter-level travel time spent in this place.
 C = Inter-level travel time spent in this place.
 D = Time resting spent in this place.
 E = Time spent auto-exploring this place.
 F = Levels seen in this place.
 G = Mean time per level.
                   A        B        C        D        E       F      G
               +--------+--------+--------+--------+--------+-----+--------+
         Total |     81 |     34 |     47 |      0 |      0 |   1 |   81.0 |
       Dungeon |     81 |     34 |     47 |      0 |      0 |   1 |   81.0 |
               +--------+--------+--------+--------+--------+-----+--------+

Top non-repeatable levels by time:
     D:1: 81 daAuts
